 Dungeon Crawl Stone Soup version 0.30-a0-571-gdf30a72648 (webtiles) character file.

Game seed: 15183451951632774968

3623 PyroL the Frost Mage (level 9, 0/74 HPs)
             Began as a Purple Draconian Ice Elementalist on Dec 29, 2022.
             Was an Initiate of Vehumet.
             Slain by Pikel
             ... wielding a +0 whip of flaming
              (2 damage)
             ... on level 8 of the Dungeon.
             The game lasted 00:20:00 (10056 turns).

PyroL the Frost Mage (DrIE)                        Turns: 10056, Time: 00:20:01

Health: 0/74       AC: 18    Str: 10    XL:     9   Next: 87%
Magic:  11/20      EV: 13    Int: 20    God:    Vehumet [......]
Gold:   454        SH:  0    Dex: 12    Spells: 15/22 levels left

rFire   . . .      SeeInvis .    u - +5 woodcutter's axe
rCold   . . .      Faith    .    (shield currently unavailable)
rNeg    + . .      Spirit   .    (body armour unavailable)
rPois   .          Reflect  .    (helmet restricted)
rElec   .          Harm     .    (no cloak)
rCorr   .          Rampage  .    (no gloves)
Will    +....                    k - +2 pair of boots {Stlth+}
Stlth   +++                      (no amulet)
HPRegen 0.32/turn                r - ring of positive energy
MPRegen 0.17/turn                (no ring)

@: ice-armoured, about to teleport
A: breathe power, AC +7, unfitting armour, cold-blooded
a: Breathe Dispelling Energy, Renounce Religion


You were on level 8 of the Dungeon.
You worshipped Vehumet.
Vehumet was noncommittal.
You visited 2 branches of the dungeon, and saw 10 of its levels.
You also visited: Sewer.

You collected 454 gold pieces.

Inventory:

Hand Weapons
 h - a +2 dagger of venom
 u - the +5 woodcutter's axe (weapon)
   (You found it on level 6 of the Dungeon)
Missiles
 e - 34 poisoned darts
Armour
 k - a +2 pair of boots of stealth (worn)
Jewellery
 r - a ring of positive energy (left hand)
Wands
 s - a wand of polymorph (12)
 A - a wand of flame (35)
 D - a wand of acid (5)
Scrolls
 b - 2 scrolls of fog
 c - 2 scrolls of teleportation
 f - 3 scrolls of enchant weapon
 j - 2 scrolls of poison
 n - 5 scrolls of fear
 o - a scroll of butterflies
 p - 4 scrolls of blinking
 t - a scroll of noise {unknown}
 v - 3 scrolls of enchant armour
 w - a scroll of silence {unknown}
 x - a scroll of identify
 y - 2 scrolls of amnesia
 z - a scroll of acquirement {unknown}
 B - a scroll of vulnerability {unknown}
 C - 2 scrolls of magic mapping {unknown}
Potions
 a - 2 potions of magic
 d - a potion of attraction
 g - 2 potions of brilliance
 i - 2 potions of mutation
 l - 5 potions of curing
 m - 5 potions of heal wounds
 q - a potion of haste {unknown}
 E - a potion of ambrosia {unknown}


   Skills:
 - Level 5.0 Fighting
 + Level 3.9 Dodging
 - Level 1.7 Stealth
 - Level 7.3 Spellcasting
 - Level 5.0 Conjurations
 - Level 4.0 Hexes
 - Level 10.0 Ice Magic


You had 15 spell levels left.
You knew the following spells:

 Your Spells              Type           Power      Damage    Failure   Level
a - Freeze                Ice            100%       1d10      1%          1
b - Ozocubu's Armour      Ice            47%        N/A       1%          3
c - Frozen Ramparts       Ice            94%        1d15      1%          3

Your spell library contained the following spells:

 Spells                   Type           Power      Damage    Failure   Level
 Slow                     Hex            92%        N/A       1%          1
 Confusing Touch          Hex            23%        N/A       5%          3
 Tukima's Dance           Hex            23%        N/A       5%          3
 Portal Projectile        Hex/Tloc       30%        N/A       12%         3
 Ice Form                 Ice/Tmut       27%        N/A       12%         4
 Summon Ice Beast         Ice/Summ       27%        N/A       12%         4
 Ignite Poison            Fire/Tmut/Pois 7%         N/A       26%         3
 Kindle Blastsparks       Fire/Tloc/Air  14%        2d11      26%         3
 Vampiric Draining        Necr           7%         2d6       26%         3
 Freezing Cloud           Conj/Ice/Air   13%        6-21      32%         5
 Blade Hands              Tmut           3%         N/A       94%         5


Dungeon Overview and Level Annotations

Branches:
Dungeon (9/15)             Temple (1/1) D:5           Sewer (visited)
   Lair: D:8-11         Orc: D:9-12

Altars:
Ashenzari
Cheibriados
Dithmenos
Elyvilon
Fedhas
Gozag
Hepliaklqana
Kikubaaqudgha
Makhleb
Nemelex Xobeh
Okawaru
Qazlal
Ru
Sif Muna
Trog
Uskayaw
Vehumet
Xom
Yredelemnul
Zin
The Shining One

Shops:
D:1 *   D:2 (   D:4 :

Annotations:
D:8 Pikel


Innate Abilities, Weirdness & Mutations

You can breathe bolts of dispelling energy.
Your rich purple scales are hard. (AC +7)
You cannot fit into any form of body armour.
You are cold-blooded and may be slowed by cold attacks.


Message History

The vampire bites you!
* * * LOW HITPOINT WARNING * * *
The vampire draws strength from your injuries!
Casting: Freeze (safe; 1% risk of failure)
Confirm with . or Enter, or press ? or * to list all spells.
Aiming: Freeze (safe; 1% risk of failure)
Press: ? - help, Shift-Dir - straight line, f/p - vampire
Aim: a vampire (almost destroyed)
You freeze the vampire.
The vampire resists.
The vampire is almost destroyed.
You have got your breath back.
A lemure comes into view.
The wall freezes Pikel.
The wall freezes the lemure.
The vampire resists.
The wall freezes the vampire.
You destroy the vampire!
Vehumet accepts your kill.
Okay, then.
You feel much better.
The frozen ramparts melt away.
Pikel hits you with a +0 whip of flaming.
* * * LOW HITPOINT WARNING * * *
Pikel burns you.
* * * LOW HITPOINT WARNING * * *
The lemure hits you.
* * * LOW HITPOINT WARNING * * *
The heat melts your icy armour.
You hit Pikel.
Your tail-slap misses Pikel.
Pikel is moderately wounded.
You slash the lemure!
Pikel hits you with a +0 whip of flaming.
* * * LOW HITPOINT WARNING * * *
Pikel burns you.
* * * LOW HITPOINT WARNING * * *
The lemure hits you but does no damage. The heat melts your icy armour.
As you read the scroll of teleportation, it crumbles to dust.
You feel strangely unstable.
Pikel hits you with a +0 whip of flaming!
* * * LOW HITPOINT WARNING * * *
Pikel burns you.
You die...

#####.#.###.##....##.###..#.#..#.
.................................
#..##...###.##.##..#.##...#.#....
#..##...###.##.##..#.##...#.#.##.
#..##..)#...................#....
#..##...#.#.#....................
........#.#.#..##.##.##...#.####.
#.(##...#.#.#..##.##.##...#.# #.
................@.........#.# #.
#..##.......[...K5........#.# #.
#..##...###.#.##..##.##...#.# #.
#..##...# #...............#.# #.
#..##...###.#.#..5..........####.
...................<....†........
#..................#.##...#.#<##.
#...#...###.#.#..#...............
........# #.#............##.#.###


You could see Pikel and 2 lemures.

Vanquished Creatures
  A vampire (D:8)
  A steam dragon (D:8)
  An acid dragon (D:9)
  A water moccasin (D:7)
  Duvessa (D:4)
  An ice beast (D:7)
  A sky beast (D:7)
  An ogre (D:5)
  A centaur (D:8)
  2 lemures (D:8)
  2 phantoms
  2 kobold brigands
  A necrophage (D:4)
  A gnoll sergeant (D:5)
  3 scorpions
  3 bullfrogs
  3 wights (D:7)
  Dowan (D:4)
  16 killer bees
  A howler monkey (D:9)
  2 jellies
  2 orc priests
  3 iguanas
  Natasha (twice) (D:4)
  15 orc wizards
  5 gnolls (D:5)
  13 adders
  5 river rats
  An ufetubus (D:4)
  3 worms
  3 dart slugs
  21 orcs
  3 bats
  6 endoplasms
  3 giant cockroaches (D:1)
  7 goblins
  5 hobgoblins
  4 jackals
  11 kobolds
  2 quokkas (D:1)
  16 ball pythons
  11 frilled lizards
  30 rats
217 creatures vanquished.

Notes
Turn   | Place    | Note
-------+----------+-------------------------------------------
     0 | D:1      | PyroL the Draconian Ice Elementalist began the quest for
                  | the Orb.
     0 | D:1      | Reached XP level 1. HP: 14/14 MP: 3/3
   186 | D:1      | Reached XP level 2. HP: 19/20 MP: 1/5
   740 | D:1      | Found Mer Liel's General Store.
  1354 | D:2      | Reached XP level 3. HP: 26/26 MP: 5/7
  1361 | D:1      | Learned a level 3 spell: Ozocubu's Armour
  1365 | D:1      | Learned a level 3 spell: Frozen Ramparts
  1910 | D:2      | Reached skill level 5 in Ice Magic
  1910 | D:2      | Reached XP level 4. HP: 19/33 MP: 2/9
  2090 | D:2      | Found Ecwig's Weapon Emporium.
  2176 | D:2      | Identified the +2 robe "Bishicul" {Contam rF+++ Str-5
                  | Int+5}
  2402 | D:3      | Reached XP level 5. HP: 38/38 MP: 4/11
  2416 | D:3      | Found a glowing drain.
  2425 | Sewer    | Entered a sewer
  3075 | Sewer    | Reached skill level 5 in Spellcasting
  3078 | Sewer    | Reached XP level 6. HP: 12/45 MP: 5/14
  3475 | D:3      | Found a snail-covered altar of Cheibriados.
  3496 | D:3      | Identified the +0 ring mail of Mishinn {+Blink rCorr Dex-5
                  | Stlth+}
  4221 | D:4      | You fall into a shaft and drop 3 floors!
  4266 | D:6      | Found the +5 woodcutter's axe
  4395 | D:6      | Reached skill level 1 in Fighting
  4537 | D:5      | Entered Level 5 of the Dungeon
  4553 | D:4      | Your scales start taking on a rich purple colour.
  4553 | D:4      | Reached XP level 7. HP: 49/56 MP: 17/17
  4632 | D:4      | Noticed Natasha
  4642 | D:4      | Killed Natasha
  4649 | D:4      | Found Xegomp's Tremendous Tomes.
  4905 | D:4      | Noticed Natasha
  4912 | D:4      | Killed Natasha
  5070 | D:4      | Noticed Dowan
  5071 | D:4      | Noticed Duvessa
  5084 | D:4      | Killed Duvessa
  5085 | D:4      | Reached skill level 5 in Fighting
  5085 | D:4      | Reached skill level 1 in Hexes
  5094 | D:4      | Killed Dowan
  5532 | D:5      | Reached XP level 8. HP: 60/68 MP: 15/19
  5749 | D:5      | Reached skill level 6 in Ice Magic
  6043 | D:5      | Found a staircase to the Ecumenical Temple.
  6246 | Temple   | Entered the Ecumenical Temple
  6751 | D:6      | Reached skill level 1 in Conjurations
  6752 | D:6      | Reached skill level 7 in Ice Magic
  7141 | D:7      | Reached XP level 9. HP: 73/74 MP: 20/20
  7196 | D:7      | Found an ancient bone altar of Kikubaaqudgha.
  7197 | D:7      | Found a shimmering blue altar of Sif Muna.
  7199 | D:7      | Found an iron altar of Okawaru.
  7199 | D:7      | Found a shadowy altar of Dithmenos.
  7372 | D:7      | Reached skill level 8 in Ice Magic
  7569 | D:7      | Found a shimmering altar of Xom.
  7569 | D:7      | Found a shimmering altar of Xom.
  7569 | D:7      | Found a shimmering altar of Xom.
  7569 | D:7      | Found a shimmering altar of Xom.
  7570 | D:7      | Found a shimmering altar of Xom.
  7570 | D:7      | Found a shimmering altar of Xom.
  8126 | D:7      | Noticed a faun
  8688 | D:8      | Reached skill level 5 in Conjurations
  8700 | D:8      | Reached skill level 9 in Ice Magic
  9460 | D:9      | Found a radiant altar of Vehumet.
  9471 | D:9      | Became a worshipper of Vehumet
  9761 | D:9      | Reached skill level 10 in Ice Magic
  9924 | D:9      | Noticed a centaur warrior
 10025 | D:9      | Noticed a purple ugly thing
 10025 | D:9      | Noticed a red ugly thing
 10026 | D:9      | Noticed a red ugly thing
 10026 | D:9      | Noticed a troll
 10047 | D:8      | Noticed Pikel
 10056 | D:8      | HP: 2/74 [Pikel/+0 whip of flaming (8)]
 10056 | D:8      | Slain by Pikel

Illustrated notes

Levels and vault maps discovered:
D:1:      dpeg_arrival_circle_labyrinth_b, layout_basic, serial_shops, shop
D:2:      layout_rooms, serial_shops, nicolae_shop_bloodbath_and_beyond
D:3:      layout_basic, mainiacjoe_overflow_concentric_impassable,
          lightli_sewer_entry_pipes
D:4:      layout_cave_pods, nicolae_shop_i_like_big_books, uniq_natasha,
          uniq_duvessa
D:5:      layout_gridville, minmay_temple_entry_mini_moons,
          nicolae_eternal_life, hangedman_decor_diamond_cutter
D:6:      layout_basic
D:7:      layout_basic, xom_shifter_show,
          chequers_temple_overflow_statue_of_worship
D:8:      layout_basic, minmay_holes, uniq_pikel
D:9:      minmay_cut_squares, layout_cave_pools, vehumet_altar_wand_db,
          uniq_erica
Temple:   nicolae_temple_two_arcs

Skill      XL: |  1  2  3  4  5  6  7  8  9 |
---------------+----------------------------+-----
Spellcasting   | 3 4 5 7 |  7.3
Ice Magic      | 5 7 10 | 10.0
Fighting       | 2 5 |  5.0
Hexes          | 2 4 |  4.0
Conjurations   | 3 5 |  5.0
Dodging        | 3 |  3.9
Stealth        | |  1.7

Action                   |  1- 3 |  4- 6 |  7- 9 || total
-------------------------+-------+-------+-------++-------
Melee: Club              |    13 |       |       ||    13
       Unarmed           |     7 |       |       ||     7
       Dagger            |    10 |    76 |       ||    86
       Tailslap          |     1 |     8 |    19 ||    28
       Punch             |     1 |       |       ||     1
       Battleaxe         |       |    17 |   142 ||   159
Throw: Dart              |       |       |     1 ||     1
 Cast: Freeze            |    55 |    56 |    53 ||   164
       Frozen Ramparts   |     2 |     5 |    29 ||    36
       Ozocubu's Armour  |     2 |     2 |    23 ||    27
 Abil: Breathe Dispellin |       |       |     5 ||     5
  Use: Scroll            |       |     5 |    12 ||    17
       Potion            |       |       |     1 ||     1
 Stab: Sleeping          |       |    11 |     7 ||    18
Armor: Skin              |    34 |    73 |   111 ||   218
Dodge: Dodged            |    54 |    96 |   121 ||   271

Table legend: (Time is in decaauts)
 A = Elapsed time spent in this place.
 B = Non-inter-level travel time spent in this place.
 C = Inter-level travel time spent in this place.
 D = Time resting spent in this place.
 E = Time spent auto-exploring this place.
 F = Levels seen in this place.
 G = Mean time per level.
                   A        B        C        D        E       F      G
               +--------+--------+--------+--------+--------+-----+--------+
         Total |  10142 |   9870 |    272 |   1462 |   6703 |  11 |  922.0 |
       Dungeon |   9074 |   8802 |    272 |   1057 |   6227 |   9 | 1008.2 |
        Temple |    118 |    118 |      0 |      0 |    104 |   1 |  118.0 |
         Sewer |    949 |    949 |      0 |    405 |    371 |   1 |  949.0 |
               +--------+--------+--------+--------+--------+-----+--------+

Top non-repeatable levels by time:
     D:1: 1486 daAuts
     D:7: 1336 daAuts
     D:8: 1259 daAuts
     D:3: 1089 daAuts
   Sewer: 949 daAuts
     D:4: 929 daAuts
     D:5: 927 daAuts
     D:6: 735 daAuts
     D:2: 734 daAuts
     D:9: 577 daAuts
  Temple: 118 daAuts
